[Event "Titled Tuesday Blitz August 15 Early 2023"]
[White "Klukin, Kirill"]
[Black "Haug, Havard"]
[WhiteFideId "24199273"]
[BlackFideId "1547887"]
[WhiteElo "2812"]
[BlackElo "2671"]
[Result "1-0"]
[Round "6"]
[TimeControl "180+1"]
[Date "2023.08.15"]
[WhiteClock "0:00:13"]
[BlackClock "0:00:02"]
[Board "43"]

1. d4 d5 2. c4 dxc4 3. Nf3 Nf6 4. e3 e6 5. Bxc4 c5 6. O-O a6 7. b3 b5 8. Be2 Bb7 9. Bb2 Nbd7 10. a4 Qb6 11. axb5 axb5 12. Nc3 Rxa1 13. Qxa1 Bc6 14. Rd1 Be7 15. dxc5 Bxc5 16. Nd4 Bxd4 17. Rxd4 O-O 18. h3 Qb7 19. Bf1 Nc5 20. Qd1 e5 21. Rh4 Qc8 22. Qd6 Nxb3 23. Qxe5 Re8 24. Qg5 Nd2 25. Nxb5 Re6 26. Nd4 Nfe4 27. Qxg7+ Kxg7 28. Nxe6+ Kg6 29. Rg4+ Kf5 30. Ng7# 1-0


[Site "https://www.chess.com"]

[Event "Titled Tuesday Blitz August 15 Early 2023"]
[White "Guliyev, Namig"]
[Black "Goltsev, Dmitry"]
[WhiteFideId "13400363"]
[BlackFideId "24176710"]
[WhiteElo "2812"]
[BlackElo "2643"]
[Result "0-1"]
[Round "6"]
[TimeControl "180+1"]
[Date "2023.08.15"]
[WhiteClock "0:00:11"]
[BlackClock "0:00:05"]
[Board "44"]

1. e4 e6 2. d4 d5 3. exd5 exd5 4. Bd3 Nf6 5. Nf3 c5 6. dxc5 Bxc5 7. O-O O-O 8. h3 Qd6 9. Nbd2 Nc6 10. Nb3 Bb6 11. Kh1 h6 12. c3 Bd7 13. Nbd4 Rae8 14. Be3 Ne4 15. Nb5 Qe7 16. Bxb6 axb6 17. Qc2 Qf6 18. Nbd4 g5 19. Rae1 Nc5 20. Rxe8 Rxe8 21. Kg1 g4 22. hxg4 Bxg4 23. Bf5 h5 24. Nxc6 bxc6 25. Bxg4 hxg4 26. Nd4 Ne4 27. Re1 Kg7 28. f3 c5 29. fxe4 cxd4 30. Qd3 Rxe4 31. Rxe4 dxe4 32. Qxe4 dxc3 33. Qxg4+ Kh7 34. Qh3+ Kg8 35. Qxc3 Qe6 36. a3 Qe4 37. g3 b5 38. Kf2 Qh1 39. Qc8+ Kg7 40. Qg4+ Kf8 41. Qb4+ Kg7 42. Qc3+ f6 43. Ke3 Qg1+ 44. Ke4 Qg2+ 45. Kd4 Qf2+ 46. Kd5 Kg6 47. Kc6 Qf5 48. b3 Qc8+ 49. Kxb5 Qxc3 50. b4 Qxg3 51. a4 Qe5+ 52. Kc6 Qe4+ 53. Kc5 Qa8 54. a5 Qa6 0-1


[Site "https://www.chess.com"]

[Event "Titled Tuesday Blitz August 15 Early 2023"]
[White "Komov, Roman"]
[Black "Molina, Roberto Junio Brito"]
[WhiteFideId "24175714"]
[BlackFideId "2109450"]
[WhiteElo "2625"]
[BlackElo "2803"]
[Result "0-1"]
[Round "6"]
[TimeControl "180+1"]
[Date "2023.08.15"]
[WhiteClock "0:00:00"]
[BlackClock "0:00:39"]
[Board "45"]

1. e4 c6 2. d4 d5 3. Nd2 dxe4 4. Nxe4 Nd7 5. Bc4 Ngf6 6. Ng5 e6 7. Qe2 Nb6 8. Bb3 a5 9. a4 c5 10. dxc5 Bxc5 11. N1f3 h6 12. Ne4 Nxe4 13. Qxe4 Nd5 14. O-O Nf6 15. Qe2 O-O 16. Be3 Qc7 17. Rad1 b6 18. Bxc5 Qxc5 19. Rfe1 Ba6 20. Qe5 Rfc8 21. c3 Bb7 22. Nd4 Qxe5 23. Rxe5 Bd5 24. Bc2 Nd7 25. Ree1 Nc5 26. Nf5 Kf8 27. Ne3 Bb3 28. Bxb3 Nxb3 29. Rd6 Rab8 30. Ng4 Nc5 31. Ne5 Rc7 32. Red1 Rbb7 33. Nc6 g5 34. R1d4 Kg7 35. Ne5 b5 36. axb5 Rxb5 37. Nc4 Nb3 38. Rd7 Rbb7 39. Rxc7 Rxc7 40. Kf1 Nxd4 0-1


[Site "https://www.chess.com"]

[Event "Titled Tuesday Blitz August 15 Early 2023"]
[White "Bersamina, Paulo"]
[Black "Colas, Joshua"]
[WhiteFideId "5206995"]
[BlackFideId "2044447"]
[WhiteElo "2754"]
[BlackElo "2622"]
[Result "1-0"]
[Round "6"]
[TimeControl "180+1"]
[Date "2023.08.15"]
[WhiteClock "0:00:56"]
[BlackClock "0:00:03"]
[Board "46"]

1. e4 g6 2. d4 Bg7 3. Nc3 d5 4. exd5 Nf6 5. Nf3 O-O 6. Be2 Nbd7 7. O-O Nb6 8. h3 Nbxd5 9. Nxd5 Nxd5 10. c3 c6 11. Re1 Bf5 12. Bf1 Qc7 13. a4 a5 14. Qb3 Rfe8 15. Bg5 h6 16. Bh4 g5 17. Bg3 Qb6 18. Bc4 Qxb3 19. Bxb3 e6 20. Ne5 Rad8 21. Nc4 Ra8 22. Nd6 Bg6 23. Nxe8 Rxe8 24. Be5 Bf8 25. Rac1 Rc8 26. Bc2 f5 27. Bg3 Bf7 28. f3 c5 29. Be5 c4 30. h4 gxh4 31. Kf2 Be7 32. Rh1 Bg5 33. Rcg1 Be3+ 34. Ke2 Bxg1 35. Rxg1 Kh7 36. Rh1 Rg8 37. Kf2 Rg5 38. Rxh4 Rh5 39. Rxh5 Bxh5 40. Bd1 Bg6 41. Be2 Nb6 42. Bd1 Be8 43. b3 cxb3 44. Bxb3 Bd7 45. Bc7 Nxa4 46. Bxa5 b6 47. Bb4 Nb2 48. Ke3 b5 49. Kf4 Nd3+ 50. Ke3 Nb2 51. g3 Kg6 52. Bc2 h5 53. Kf4 Kf6 54. Bd6 Nc4 55. Be5+ Nxe5 56. dxe5+ Kg6 57. Bd1 Kh6 58. Ke3 Kg6 59. f4 Kf7 60. Kd4 Ke7 61. Kc5 Be8 62. Be2 1-0


[Site "https://www.chess.com"]

[Event "Titled Tuesday Blitz August 15 Early 2023"]
[White "Pert, Richard G"]
[Black "Shcherbin, Matvei"]
[WhiteFideId "404748"]
[BlackFideId "24125164"]
[WhiteElo "2618"]
[BlackElo "2744"]
[Result "1/2-1/2"]
[Round "6"]
[TimeControl "180+1"]
[Date "2023.08.15"]
[WhiteClock "0:00:08"]
[BlackClock "0:00:12"]
[Board "47"]

1. d4 Nf6 2. Bg5 Ne4 3. Bf4 d5 4. e3 e6 5. Bd3 Bd6 6. Ne2 Bxf4 7. Nxf4 O-O 8. Bxe4 dxe4 9. Nc3 f5 10. Qh5 Qe8 11. Qxe8 Rxe8 12. Nb5 Na6 13. c3 Bd7 14. a4 e5 15. Ne2 exd4 16. exd4 c5 17. O-O Bxb5 18. axb5 Nc7 19. dxc5 Nxb5 20. Nd4 Nxd4 21. cxd4 Red8 22. Rfd1 Rd5 23. Kf1 a6 24. Ra4 Rad8 25. Rb4 R8d7 26. Ke2 f4 27. g3 g5 28. gxf4 gxf4 29. Rg1+ Kf7 30. Rg4 Rf5 31. d5 f3+ 32. Ke3 Rfxd5 33. Rgxe4 Rxc5 34. Kxf3 b5 35. Re3 Rf5+ 36. Kg3 Rd6 37. h3 Rg6+ 38. Rg4 Rgf6 39. f3 h5 40. Rge4 Rg6+ 41. Kf2 Rc6 42. Re7+ Kf6 43. Rh7 Rc2+ 44. Kg3 Rg5+ 45. Kf4 Rc4+ 46. Re4 Rf5+ 47. Kg3 Rxe4 48. fxe4 Rc5 49. Kf4 a5 50. Rh6+ Kg7 51. Rb6 a4 52. h4 Rc2 53. Rxb5 Kg6 54. Rb6+ Kg7 55. Rb4 Rh2 56. Rxa4 Rxh4+ 57. Kg5 Rh2 58. Ra7+ Kf8 59. e5 Rxb2 60. Kxh5 Rg2 61. Ra6 Ke7 62. Rg6 Re2 63. Rg5 Ke6 64. Kg4 Rxe5 65. Rxe5+ Kxe5 1/2-1/2


[Site "https://www.chess.com"]

[Event "Titled Tuesday Blitz August 15 Early 2023"]
[White "MaryanKyrychenko"]
[Black "Kosteniuk, Alexandra"]
[BlackFideId "4128125"]
[WhiteElo "2566"]
[BlackElo "2743"]
[Result "0-1"]
[Round "6"]
[TimeControl "180+1"]
[Date "2023.08.15"]
[WhiteClock "0:00:03"]
[BlackClock "0:00:15"]
[Board "48"]

1. e4 c6 2. d4 d5 3. e5 c5 4. dxc5 e6 5. a3 Bxc5 6. b4 Be7 7. Bb2 f6 8. Nf3 a5 9. b5 Nd7 10. Bd3 Qc7 11. Qe2 f5 12. O-O Nb6 13. Nbd2 Na4 14. Bd4 Nh6 15. Nb3 Nc3 16. Qe1 Ne4 17. b6 Qd8 18. Nxa5 O-O 19. c4 dxc4 20. Nxc4 Qd5 21. Ne3 Qd8 22. a4 Bd7 23. a5 Bc6 24. Rd1 Qe8 25. Nd2 Nc5 26. Bc4 Qg6 27. f3 f4 28. Ng4 Nxg4 29. fxg4 Qxg4 30. Nf3 Ne4 31. h3 Qg6 32. Bd3 Rfd8 33. Bb2 Bc5+ 34. Kh2 Rxd3 35. Rxd3 Ng3 36. Nh4 Qxd3 37. Rxf4 Ne2 38. Rf1 Qc2 39. Ba1 Rf8 40. Rxf8+ Bxf8 41. Nf3 Bxf3 42. gxf3 Nd4+ 43. Kg3 Nf5+ 44. Kf4 Qa4+ 45. Qe4 Qxa1 46. Qxb7 Qxa5 47. Qc6 Qb4+ 48. Kg5 h6+ 49. Kg6 Ne7+ 50. Kh5 Nxc6 51. f4 Qxf4 52. h4 Qf5# 0-1


[Site "https://www.chess.com"]

[Event "Titled Tuesday Blitz August 15 Early 2023"]
[White "Dimitrov, Atanas"]
[Black "Shishkov, Andrei"]
[WhiteFideId "2901315"]
[BlackFideId "4500563"]
[WhiteElo "2733"]
[BlackElo "2537"]
[Result "1-0"]
[Round "6"]
[TimeControl "180+1"]
[Date "2023.08.15"]
[WhiteClock "0:00:11"]
[BlackClock "0:00:00"]
[Board "49"]

1. Nf3 Nf6 2. c4 e6 3. Nc3 d5 4. e3 Be7 5. b3 O-O 6. Bb2 c5 7. cxd5 Nxd5 8. Be2 b6 9. O-O Bb7 10. d4 Nd7 11. Rc1 a6 12. Qd2 b5 13. Rfd1 Qb6 14. Nxd5 Bxd5 15. dxc5 Bxc5 16. b4 Be7 17. e4 Bc6 18. a3 Rfd8 19. Qf4 Bf6 20. e5 Be7 21. Rc2 Nf8 22. Rdc1 Rac8 23. h3 Ng6 24. Qg3 Bb7 25. Bd4 Rxc2 26. Bxb6 Rxc1+ 27. Kh2 Rdc8 28. Bd4 R1c2 29. Bd3 Ra2 30. h4 Rxa3 31. Be2 Bxf3 32. Bxf3 Nxh4 33. Be3 Nxf3+ 34. Qxf3 Rb3 35. Qb7 Rbc3 36. Qxe7 R3c4 37. Bc5 h6 38. Qb7 1-0


[Site "https://www.chess.com"]

[Event "Titled Tuesday Blitz August 15 Early 2023"]
[White "Toncheva, Nadya"]
[Black "Nakamura, Hikaru"]
[WhiteFideId "2924056"]
[BlackFideId "2016192"]
[WhiteElo "2561"]
[BlackElo "3239"]
[Result "0-1"]
[Round "6"]
[TimeControl "180+1"]
[Date "2023.08.15"]
[WhiteClock "0:00:00"]
[BlackClock "0:01:04"]
[Board "50"]

1. d4 g6 2. c4 Bg7 3. Nc3 d6 4. e4 Nf6 5. f4 c5 6. d5 O-O 7. Nf3 e6 8. Be2 exd5 9. cxd5 Bg4 10. O-O Bxf3 11. Bxf3 Nbd7 12. Re1 Ne8 13. Be3 a6 14. a4 Nc7 15. a5 Nb5 16. Nxb5 axb5 17. e5 dxe5 18. fxe5 Bxe5 19. d6 Bxb2 20. Ra2 Bc3 21. Rf1 Rxa5 22. Rxa5 Qxa5 23. Bxb7 Qb6 24. Bd5 Nf6 25. Bb3 Rd8 26. Bxf7+ Kg7 27. Qb3 Be5 28. Qe6 Qxd6 29. Qxd6 Rxd6 30. Bxc5 Kxf7 31. Bxd6 Bxd6 32. Rc1 b4 33. Kf1 b3 34. Ke2 b2 35. Rb1 Be5 0-1


[Site "https://www.chess.com"]

[Event "Titled Tuesday Blitz August 15 Early 2023"]
[White "Eynullayev, Altay"]
[Black "gmbenjaminbok"]
[WhiteFideId "13413562"]
[WhiteElo "2555"]
[BlackElo "2937"]
[Result "0-1"]
[Round "6"]
[TimeControl "180+1"]
[Date "2023.08.15"]
[WhiteClock "0:00:00"]
[BlackClock "0:00:14"]
[Board "51"]

1. e4 c5 2. Nf3 d6 3. d4 cxd4 4. Nxd4 Nf6 5. Nc3 a6 6. g3 e5 7. Nde2 h5 8. Bg5 Be6 9. Bg2 Nbd7 10. a4 Be7 11. O-O Rc8 12. Qd2 Nf8 13. Bxf6 Bxf6 14. Nd5 h4 15. Nec3 Bg5 16. f4 Bh6 17. Qf2 hxg3 18. hxg3 Nd7 19. Rad1 Qa5 20. f5 Bxd5 21. Nxd5 Qxa4 22. c3 Qc6 23. Bf3 Nf6 24. Kg2 Bg5 25. Rh1 Rxh1 26. Rxh1 Nxd5 27. exd5 Qb5 28. f6 Bh6 29. Be4 Rc4 30. Bd3 Qxd5+ 31. Qf3 Qxf3+ 32. Kxf3 Rc6 33. g4 d5 34. g5 e4+ 35. Kf4 Rxf6+ 36. Kg4 Rg6 37. Rh5 exd3 0-1


[Site "https://www.chess.com"]

[Event "Titled Tuesday Blitz August 15 Early 2023"]
[White "Sreyas Payyappat"]
[Black "Ter-Sahakyan, Samvel"]
[WhiteFideId "46674969"]
[BlackFideId "13302531"]
[WhiteElo "2554"]
[BlackElo "2833"]
[Result "1-0"]
[Round "6"]
[TimeControl "180+1"]
[Date "2023.08.15"]
[WhiteClock "0:00:05"]
[BlackClock "0:00:00"]
[Board "52"]

1. e4 g6 2. d4 Bg7 3. Nc3 a6 4. Nf3 b5 5. Be3 Bb7 6. Bd3 d6 7. Qd2 Nd7 8. h4 h6 9. Ne2 c5 10. c3 Ngf6 11. Ng3 Ng4 12. O-O-O Rc8 13. Kb1 Nxe3 14. fxe3 e6 15. Ne2 Qe7 16. Rdg1 e5 17. d5 c4 18. Bc2 Nc5 19. g4 a5 20. h5 Kd8 21. Nh4 Bf6 22. Qe1 Bxh4 23. Rxh4 g5 24. Rh3 Ba6 25. Rf3 f6 26. Rgf1 Rf8 27. Qf2 Nd7 28. Ng3 Kc7 29. Nf5 Qh7 30. a4 b4 31. cxb4 axb4 32. Qe1 Rb8 33. R1f2 Nc5 34. Ng3 b3 35. Bd1 Nxe4 36. Qa5+ Kb7 37. Nxe4 Qxe4+ 38. Kc1 Rbc8 39. Qb4+ Ka7 40. Qc3 Qxd5 41. Rxf6 Rxf6 42. Rxf6 Rc7 43. Rxh6 Qc6 44. Rf6 Qxa4 45. h6 d5 46. Qxe5 Qa1+ 47. Kd2 c3+ 48. Ke1 1-0


[Site "https://www.chess.com"]

[Event "Titled Tuesday Blitz August 15 Early 2023"]
[White "Perdomo, Carlos Andres"]
[Black "Rustemov, Alexander"]
[WhiteFideId "4400852"]
[BlackFideId "4119002"]
[WhiteElo "2552"]
[BlackElo "2763"]
[Result "0-1"]
[Round "6"]
[TimeControl "180+1"]
[Date "2023.08.15"]
[WhiteClock "0:00:10"]
[BlackClock "0:00:12"]
[Board "53"]

1. c4 c5 2. Nf3 g6 3. e3 Nf6 4. Be2 Bg7 5. O-O d5 6. cxd5 Nxd5 7. Nc3 O-O 8. a3 Nc6 9. Qc2 b6 10. Rb1 Bb7 11. Nxd5 Qxd5 12. b4 cxb4 13. axb4 Rfc8 14. Qb3 Qd6 15. d4 Rc7 16. Ba3 Qd7 17. Rfc1 Rac8 18. h3 e6 19. Kf1 Ne7 20. b5 Nd5 21. Rxc7 Rxc7 22. Rc1 h6 23. Rxc7 Qxc7 24. Qc4 Qxc4 25. Bxc4 Bf8 26. Bxf8 Kxf8 27. Ne5 Ke7 28. g3 Nc3 29. h4 Bd5 30. Bd3 g5 31. hxg5 hxg5 32. Ke1 f6 33. Ng4 Ne4 34. Nh2 Nd6 35. Kd2 f5 36. Nf1 g4 37. Kc3 Be4 38. Be2 Bf3 39. Bd3 Kd7 40. Nd2 Bd5 41. Kb4 Kc7 42. Nc4 Bxc4 43. Bxc4 Kd7 44. Bd3 Ne8 45. Be2 Kd6 46. f3 gxf3 47. Bxf3 Nf6 48. Kc4 Ne8 49. e4 Nc7 50. e5+ Ke7 51. d5 exd5+ 52. Bxd5 a6 53. bxa6 Nxa6 54. Bf3 Nc7 55. Bd5 b5+ 56. Kc5 Nxd5 57. Kxd5 b4 58. Kc4 Ke6 59. Kxb4 Kxe5 60. Kc3 Ke4 61. Kd2 Kf3 62. g4 fxg4 63. Ke1 Kg2 64. Ke2 g3 65. Ke3 Kh2 66. Kf3 g2 0-1


[Site "https://www.chess.com"]

[Event "Titled Tuesday Blitz August 15 Early 2023"]
[White "D`Arruda, Ricardo D."]
[Black "Stribuk, Artiom"]
[WhiteFideId "100692"]
[BlackFideId "13515659"]
[WhiteElo "2548"]
[BlackElo "2744"]
[Result "0-1"]
[Round "6"]
[TimeControl "180+1"]
[Date "2023.08.15"]
[WhiteClock "0:00:25"]
[BlackClock "0:02:05"]
[Board "54"]

1. d4 d5 2. Nf3 Nf6 3. c4 g6 4. Nc3 Bg7 5. e3 O-O 6. Be2 c5 7. dxc5 dxc4 8. Qxd8 Rxd8 9. Bxc4 Nbd7 10. Ng5 Ne5 11. Be2 h6 12. Nf3 Nxf3+ 13. Bxf3 Nd7 14. Bd2 Nxc5 15. Be2 Bf5 16. f3 Nd3+ 17. Bxd3 Bxd3 18. e4 Rac8 19. O-O-O b5 20. a3 a5 21. Be3 b4 22. Bb6 bxc3 23. Bxd8 cxb2+ 24. Kd2 Rxd8 0-1


[Site "https://www.chess.com"]

[Event "Titled Tuesday Blitz August 15 Early 2023"]
[White "Gritsenko, Nikolai"]
[Black "Al-Tarboush, Ward"]
[WhiteFideId "14112493"]
[BlackFideId "7601450"]
[WhiteElo "2742"]
[BlackElo "2545"]
[Result "1-0"]
[Round "6"]
[TimeControl "180+1"]
[Date "2023.08.15"]
[WhiteClock "0:01:21"]
[BlackClock "0:01:13"]
[Board "55"]

1. d4 d5 2. Bf4 Nf6 3. e3 c5 4. c3 Nc6 5. Nf3 Qb6 6. Qc1 Bf5 7. Nh4 Bg4 8. h3 Bh5 9. g4 Bg6 10. Nxg6 hxg6 11. Bg2 e6 12. Nd2 Be7 13. a3 c4 14. O-O Na5 15. Qc2 Bd6 16. Bxd6 Qxd6 17. f4 O-O-O 18. e4 Qc6 19. e5 Nd7 20. f5 gxf5 21. gxf5 Kb8 22. Rf2 Rdf8 23. Raf1 Qc8 24. fxe6 fxe6 25. Qg6 Rhg8 26. Qxe6 Re8 27. Qxd5 Nc6 28. Nxc4 Qd8 29. Nd6 Ref8 30. Nxb7 1-0


[Site "https://www.chess.com"]

[Event "Titled Tuesday Blitz August 15 Early 2023"]
[White "Akhmetov, Ayan"]
[Black "Brodowski, Piotr"]
[WhiteFideId "13703706"]
[BlackFideId "1124480"]
[WhiteElo "2546"]
[BlackElo "2740"]
[Result "1-0"]
[Round "6"]
[TimeControl "180+1"]
[Date "2023.08.15"]
[WhiteClock "0:00:50"]
[BlackClock "0:01:14"]
[Board "56"]

1. Nf3 c5 2. c4 Nc6 3. Nc3 g6 4. e3 Bg7 5. d4 cxd4 6. exd4 d6 7. d5 Ne5 8. Nxe5 Bxe5 9. Bd3 Bg7 10. O-O Nf6 11. Re1 O-O 12. Bg5 h6 13. Bf4 Bd7 14. Qd2 Kh7 15. h3 Re8 16. Re2 Rc8 17. Rae1 Ng8 18. h4 Kh8 19. Ne4 b5 20. cxb5 Qb6 21. a4 f5 22. Ng3 Qd4 23. h5 g5 24. Be3 Qxd5 25. Bxf5 Qxd2 26. Rxd2 Nf6 27. Bxa7 Ra8 28. b6 Bxa4 29. Bg6 Red8 30. Rxe7 Bf8 31. Rf7 Nd7 32. Be4 1-0


[Site "https://www.chess.com"]

[Event "Titled Tuesday Blitz August 15 Early 2023"]
[White "Gontcharov, Vladislav"]
[Black "Weetik, Vjacheslav"]
[WhiteFideId "4123492"]
[BlackFideId "4153472"]
[WhiteElo "2540"]
[BlackElo "2737"]
[Result "1/2-1/2"]
[Round "6"]
[TimeControl "180+1"]
[Date "2023.08.15"]
[WhiteClock "0:00:26"]
[BlackClock "0:00:07"]
[Board "57"]

1. d4 Nf6 2. c4 e6 3. Nf3 Bb4+ 4. Nbd2 b6 5. g3 Bb7 6. Bg2 O-O 7. O-O a5 8. a3 Bxd2 9. Bxd2 a4 10. Bg5 d6 11. Rc1 Nbd7 12. Qc2 h6 13. Bf4 Be4 14. Qc3 Re8 15. Rfd1 Qb8 16. Ne1 Bxg2 17. Nxg2 Qb7 18. f3 e5 19. dxe5 Nxe5 20. Bxe5 Rxe5 21. e4 Nd7 22. Ne3 Nc5 23. Rd5 Rae8 24. Rcd1 Qc8 25. Kg2 h5 26. h4 Qe6 27. Rxe5 Qxe5 28. Qxe5 dxe5 29. Nd5 Ne6 30. Kf2 Kf8 31. Ke3 f6 32. Nc3 Nc5 33. Nb5 Rc8 34. Na7 Ra8 35. Nc6 Ke8 36. f4 exf4+ 37. gxf4 Kf7 38. Nd8+ Ke7 39. Nc6+ Kf7 40. Nd8+ Ke7 41. Nc6+ Kf7 1/2-1/2


[Site "https://www.chess.com"]

[Event "Titled Tuesday Blitz August 15 Early 2023"]
[White "Wong, Yinn Long"]
[Black "Benedetti, Julio"]
[WhiteFideId "5707684"]
[BlackFideId "172545"]
[WhiteElo "2723"]
[BlackElo "2535"]
[Result "1-0"]
[Round "6"]
[TimeControl "180+1"]
[Date "2023.08.15"]
[WhiteClock "0:00:58"]
[BlackClock "0:00:00"]
[Board "58"]

1. Nf3 Nf6 2. g3 g6 3. Bg2 Bg7 4. O-O O-O 5. d4 d6 6. c4 c6 7. Nc3 Qb6 8. e4 Qa6 9. Qd3 d5 10. b3 dxe4 11. Nxe4 Bf5 12. Nh4 Bxe4 13. Bxe4 Nxe4 14. Qxe4 e6 15. Nf3 Nd7 16. Bb2 c5 17. Rfd1 Rad8 18. Rd2 cxd4 19. Bxd4 e5 20. Bc3 Nc5 21. Qe3 Rxd2 22. Nxd2 Qd6 23. Bb4 b6 24. Ne4 Qc6 25. Nxc5 bxc5 26. Qxc5 Qb7 27. Rd1 Re8 28. Bc3 e4 29. Bxg7 Kxg7 30. Qd4+ Kg8 31. Qe3 Qa6 32. Rd2 Qc6 33. h4 a5 34. h5 gxh5 35. Rd5 Re6 36. Qd4 1-0


[Site "https://www.chess.com"]

[Event "Titled Tuesday Blitz August 15 Early 2023"]
[White "Bryakin, Mikhail"]
[Black "maksimys18"]
[WhiteFideId "4165314"]
[WhiteElo "2719"]
[BlackElo "2532"]
[Result "0-1"]
[Round "6"]
[TimeControl "180+1"]
[Date "2023.08.15"]
[WhiteClock "0:01:12"]
[BlackClock "0:01:35"]
[Board "59"]

1. e4 e6 2. d4 d5 3. Nc3 Bb4 4. e5 Ne7 5. a3 Bxc3+ 6. bxc3 c5 7. Qg4 Qc7 8. Ne2 Nbc6 9. Qxg7 Rg8 10. Qxh7 cxd4 11. f4 dxc3 12. Be3 Bd7 13. Ng3 O-O-O 14. Qd3 d4 15. Bf2 Nd5 16. Qf3 f6 17. exf6 Nxf4 18. Ne4 e5 19. g3 Bg4 20. Qxg4+ Rxg4 21. gxf4 Rxf4 22. Bd3 Rf8 23. Bg3 R4xf6 24. Nxf6 Rxf6 25. Rf1 Rxf1+ 26. Kxf1 Qf7+ 27. Kg1 Qd5 28. Re1 b5 29. Be4 Qc5 30. h4 d3+ 31. Bf2 d2 32. Rf1 Nd4 33. Kg2 Qe7 34. Bg3 Kc7 35. Rh1 Ne2 36. Bf2 Nf4+ 37. Kf3 Qd7 38. Rd1 Qh3+ 39. Bg3 Qg2+ 40. Kg4 Qxe4 0-1


[Site "https://www.chess.com"]

[Event "Titled Tuesday Blitz August 15 Early 2023"]
[White "Hajiyev, Kanan"]
[Black "Akobian, Varuzhan"]
[WhiteFideId "13404148"]
[BlackFideId "13300580"]
[WhiteElo "2539"]
[BlackElo "2717"]
[Result "0-1"]
[Round "6"]
[TimeControl "180+1"]
[Date "2023.08.15"]
[WhiteClock "0:00:05"]
[BlackClock "0:01:09"]
[Board "60"]

1. d4 e6 2. Nf3 f5 3. g3 Nf6 4. Bg2 d5 5. b3 Bd6 6. Ba3 O-O 7. O-O Ne4 8. c4 c6 9. Bxd6 Qxd6 10. Qc2 Nd7 11. Nbd2 b6 12. e3 Bb7 13. a4 Rac8 14. Qb2 Qb4 15. a5 Rc7 16. Ra4 Qc3 17. Qa3 Nxd2 18. Nxd2 Qxd2 19. Qd6 Rfc8 20. Qxe6+ Kh8 21. axb6 axb6 22. cxd5 cxd5 23. Qxf5 Nf6 24. Ra7 Bc6 25. Rxc7 Rxc7 26. Qe5 Rc8 27. Bh3 Re8 28. Qc7 Bb5 29. Ra1 Ne4 30. Qf4 h6 31. Bg2 Qc3 32. Rb1 Bd3 33. Rd1 Qc2 34. Ra1 Qxb3 35. Bxe4 Bxe4 36. h4 Qb2 37. Rf1 Bd3 38. Rd1 Qb3 39. Rc1 Qa3 40. Rc7 Be4 41. Kh2 Rf8 42. Rf7 Rxf7 43. Qxf7 Qd6 44. h5 Qf6 45. Qxf6 gxf6 46. g4 b5 47. Kg3 b4 48. f3 Bd3 49. Kf2 b3 50. Kg3 b2 51. Kf4 0-1


[Site "https://www.chess.com"]

[Event "Titled Tuesday Blitz August 15 Early 2023"]
[White "Ansh M Shah"]
[Black "Kuznetsov, Felix"]
[WhiteFideId "25033379"]
[BlackFideId "34147990"]
[WhiteElo "2526"]
[BlackElo "2700"]
[Result "0-1"]
[Round "6"]
[TimeControl "180+1"]
[Date "2023.08.15"]
[WhiteClock "0:00:08"]
[BlackClock "0:00:07"]
[Board "61"]

1. d4 Nf6 2. c4 e6 3. g3 d5 4. Bg2 dxc4 5. Nf3 Nc6 6. O-O Rb8 7. a4 a6 8. Nc3 Bb4 9. e4 Bxc3 10. bxc3 Nxe4 11. Qe2 Nxc3 12. Qxc4 Nd5 13. Ba3 Nce7 14. Ne5 O-O 15. Rac1 b5 16. axb5 axb5 17. Qc5 b4 18. Bb2 Ba6 19. Rfd1 Rb5 20. Qc2 Rb6 21. Be4 g6 22. Ra1 Qd6 23. h4 Nc6 24. h5 Nxe5 25. dxe5 Qc6 26. Qd2 Bb7 27. Qg5 Qe8 28. Bd4 Rb5 29. Bd3 c5 30. Bxb5 Qxb5 31. Be3 Qc6 32. f3 Nc3 33. Rf1 Qd5 34. Qf6 Ne4 35. fxe4 Qxe4 36. Kf2 Qg2+ 37. Ke1 Qxg3+ 38. Kd2 Qh2+ 39. Rf2 Qxh5 40. Raf1 Be4 41. Bf4 Bf5 42. Rh2 Qg4 43. Rff2 Ra8 44. Rxh7 Ra2+ 45. Ke3 Ra3+ 46. Kd2 Rd3+ 47. Kc1 Qd1+ 48. Kb2 Rb3+ 49. Ka2 Qb1# 0-1


[Site "https://www.chess.com"]

[Event "Titled Tuesday Blitz August 15 Early 2023"]
[White "Matinian, Nikita"]
[Black "Camilla_Lee"]
[WhiteFideId "24129100"]
[WhiteElo "2689"]
[BlackElo "2525"]
[Result "1-0"]
[Round "6"]
[TimeControl "180+1"]
[Date "2023.08.15"]
[WhiteClock "0:01:53"]
[BlackClock "0:01:30"]
[Board "62"]

1. e4 e5 2. Nf3 Nc6 3. Bb5 f5 4. d3 fxe4 5. dxe4 Nf6 6. Nc3 Bb4 7. Bc4 Bxc3+ 8. bxc3 Qe7 9. Bg5 d6 10. O-O h6 11. Bh4 g5 12. Bg3 Nxe4 13. Re1 Nxg3 14. hxg3 Be6 15. Bxe6 Qxe6 16. Nd4 Qd7 17. Nxc6 Qxc6 18. Qh5+ Kd8 19. Rad1 Qe8 20. Qf3 Kc8 21. Qf5+ Kb8 22. c4 a6 23. c5 dxc5 24. Rxe5 Qa4 25. Rxc5 Ka7 26. Rxc7 Rad8 27. Rb1 Rb8 28. Qd5 1-0


[Site "https://www.chess.com"]

[Event "Titled Tuesday Blitz August 15 Early 2023"]
[White "Bach Ngoc Thuy Duong"]
[Black "Kushko, Dmitriy"]
[WhiteFideId "12408956"]
[BlackFideId "14162261"]
[WhiteElo "2522"]
[BlackElo "2684"]
[Result "0-1"]
[Round "6"]
[TimeControl "180+1"]
[Date "2023.08.15"]
[WhiteClock "0:00:02"]
[BlackClock "0:00:14"]
[Board "63"]

1. d4 g6 2. c4 Bg7 3. e4 d6 4. Nc3 e5 5. d5 a5 6. Be3 Na6 7. Bd3 Bh6 8. Qd2 Bxe3 9. Qxe3 Nf6 10. h3 O-O 11. Nge2 c6 12. O-O Nc5 13. Bc2 cxd5 14. cxd5 Bd7 15. f4 Qe7 16. fxe5 Qxe5 17. Nd4 b5 18. Nf3 Qe7 19. Rae1 b4 20. Nd1 Rae8 21. Qd4 Bb5 22. e5 Nfd7 23. e6 fxe6 24. dxe6 Ne5 25. Nxe5 Rxf1+ 26. Rxf1 dxe5 27. Qxe5 Bxf1 28. Kxf1 Nxe6 29. Bb3 a4 30. Bxa4 Rf8+ 31. Nf2 Qf6 32. Qxf6 Rxf6 33. Bb3 Kg7 34. Ke1 Nc5 35. Ng4 Rd6 36. Bc4 Nd3+ 37. Bxd3 Rxd3 38. Ke2 Rd5 39. Ne3 Ra5 40. Kd2 Rxa2 41. Kc2 Ra1 42. Kb3 Re1 43. Ng4 Re2 44. Kxb4 h5 45. Nh2 Rxb2+ 46. Kc3 Rxg2 47. Nf1 Rf2 48. Nd2 Rh2 49. Kd4 Rxh3 50. Ne4 Rh4 51. Ke3 Rxe4+ 52. Kxe4 Kf6 0-1


[Site "https://www.chess.com"]

[Event "Titled Tuesday Blitz August 15 Early 2023"]
[White "Ordekalog"]
[Black "Dehtiarov, Roman"]
[BlackFideId "14186640"]
[WhiteElo "2521"]
[BlackElo "2667"]
[Result "1/2-1/2"]
[Round "6"]
[TimeControl "180+1"]
[Date "2023.08.15"]
[WhiteClock "0:00:08"]
[BlackClock "0:00:04"]
[Board "64"]

1. e4 e5 2. Nf3 Nc6 3. Bb5 a6 4. Bxc6 dxc6 5. O-O Be7 6. Nxe5 Qd4 7. Nf3 Qxe4 8. Nc3 Qg6 9. Ne5 Qf5 10. Re1 Be6 11. d3 h5 12. h3 O-O-O 13. a4 Nf6 14. a5 Bd6 15. Nf3 Rhg8 16. Ng5 Rde8 17. Ra4 Bd5 18. Nce4 Qd7 19. Nxd6+ Qxd6 20. Bf4 Qd7 21. Be5 Re7 22. Rf4 Rge8 23. d4 Ng8 24. Qxh5 f6 25. Ne4 fxe5 26. Nc5 Qd6 27. Rg4 b6 28. Rxg7 Rxg7 29. Qxe8+ Qd8 30. Qxe5 bxc5 31. Qxg7 cxd4 32. Qxd4 Kb7 33. Qb4+ Kc8 34. Rd1 Qg5 35. Qf8+ Kb7 36. f3 Nf6 37. Qc5 Qg3 38. Qf2 Qe5 39. c3 Be6 40. Re1 Qf5 41. Qe3 Bd5 42. Qe5 Qg6 43. Qe3 Nh5 44. g4 Ng7 45. Kf2 Qh7 46. Kg3 Qg6 47. Kh2 Qh7 48. Re2 Qg6 49. Qf4 Ne6 50. Qg3 Ng5 51. Rf2 Qd3 52. Kg2 Qe3 53. h4 Ne6 54. h5 Nf4+ 55. Kh2 Ne2 56. Qg2 Qe5+ 57. Kh1 Ng3+ 58. Kg1 Qe1+ 59. Kh2 Ne4 60. fxe4 Bxe4 61. Qg1 Qe3 62. Qg3 Qe1 63. Qg1 Qe3 64. g5 Qc5 65. Qg3 Qd5 66. Rg2 Qd1 67. Rg1 Qxh5+ 68. Qh3 Qe2+ 69. Kg3 Qe3+ 70. Kh2 Qf2+ 71. Rg2 Bxg2 72. Qxg2 Qh4+ 73. Kg1 Qe1+ 74. Kh2 Qh4+ 75. Kg1 Qe1+ 76. Qf1 Qg3+ 77. Qg2 Qe1+ 1/2-1/2


[Site "https://www.chess.com"]